 Dungeon Crawl Stone Soup version 0.29-a0-409-gd843f3a48c (webtiles) character file.

Game seed: 4301584454510458571

569 trckry the Summoner (level 7, 0/36 HPs)
             Began as a Tengu Summoner on May 13, 2022.
             Succumbed to a killer bee's poison
             ... on level 3 of the Dungeon.
             The game lasted 00:12:28 (3732 turns).

trckry the Summoner (Tengu Summoner)                Turns: 3732, Time: 00:12:28

Health: 0/36       AC:  3    Str:  8    XL:     7   Next: 33%
Magic:  6/14       EV: 14    Int: 18    God:
Gold:   183        SH:  5    Dex: 14    Spells: 4/14 levels left

rFire   . . .      SeeInvis .   o - +3 quarterstaff (chaos)
rCold   . . .      Faith    .   (shield currently unavailable)
rNeg    . . .      Spirit   .   a - +0 robe
rPois   .          Reflect  +   (helmet restricted)
rElec   .          Harm     .   p - +0 cloak
rCorr   .          Rampage  .   (no gloves)
Will    +....                   (boots unavailable)
Stlth   ++........              h - amulet of reflection
HPRegen 0.12/turn               m - ring of willpower
MPRegen 0.14/turn               (no ring)

@: lethally poisoned (0 -> -10), flying quickly and evasively, quick
A: beak, talons 3, nimble flight
a: no special abilities


You were on level 3 of the Dungeon.
You visited 1 branch of the dungeon, and saw 4 of its levels.

You collected 183 gold pieces.

Inventory:

Hand Weapons
 o - a +3 quarterstaff of chaos (weapon)
Missiles
 r - 9 poisoned darts (quivered)
Armour
 a - a +0 robe (worn)
 p - a +0 cloak (worn)
Jewellery
 h - an amulet of reflection (around neck)
 m - a ring of willpower (left hand)
Scrolls
 d - 3 scrolls of poison {unknown}
 e - 2 scrolls of fear {unknown}
 f - a scroll of amnesia {unknown}
 j - 2 scrolls of blinking {unknown}
 n - 3 scrolls of identify {unknown}
 q - 3 scrolls of teleportation {unknown}
 s - a scroll of torment {unknown}
 t - a scroll of brand weapon {unknown}
 u - a scroll of vulnerability {unknown}
Potions
 b - a potion of magic
 c - 2 potions of haste
 g - a potion of degeneration {unknown}
 i - 4 potions of curing {unknown}
 k - 2 potions of flight {unknown}
 l - a potion of attraction {unknown}


   Skills:
 - Level 2.1 Dodging
 - Level 2.0 Stealth
 + Level 4.3 Spellcasting
 * Level 8.9 Summonings
 + Level 0.8 Air Magic


You had 4 spell levels left.
You knew the following spells:

 Your Spells              Type           Power      Damage    Failure   Level
a - Summon Small Mammal   Summ           100%       N/A       1%          1
b - Call Imp              Summ           36%        N/A       1%          2
c - Call Canine Familiar  Summ           36%        N/A       1%          3
d - Summon Lightning Spi  Summ/Air       21%        N/A       19%         4

Your spell library contained the following spells:

 Spells                   Type           Power      Damage    Failure   Level
 Summon Guardian Golem    Hex/Summ       20%        N/A       7%          3
 Shock                    Conj/Air       20%        1d4       12%         1
 Swiftness                Air            7%         N/A       30%         3
 Airstrike                Air            3%         N/A       69%         4


Dungeon Overview and Level Annotations

Branches:
Dungeon (4/15)
 Temple: D:4-7

Altars:
Wu Jian

Annotations:
D:4 Eustachio


Innate Abilities, Weirdness & Mutations

You have a beak for a mouth.
You have claws for feet.
Your magical nature lets you fly swiftly and evasively.


Message History

The killer bee closely misses your hound.
Your hound misses the killer bee.
The killer bee barely misses your hound.
Your crimson imp hits the killer bee.
You take 1 damage, and have 10/36 hp.
You feel sick.
The killer bee barely misses your hound.
Your hound bites the killer bee.
The killer bee barely misses your hound.
Your hound misses the killer bee.
Your crimson imp blinks!
You take 1 damage, and have 9/36 hp.
You feel sick. The killer bee stings your hound!
Your hound closely misses the killer bee.
The killer bee stings your hound!
Your crimson imp closely misses the killer bee.
You take 1 damage, and have 8/36 hp.
You feel sick.
You are no longer poisoned.
The killer bee misses your hound.
Your hound misses the killer bee. The killer bee stings your hound.
Your hound closely misses the killer bee.
Your crimson imp closely misses the killer bee.
The killer bee misses your hound.
Your hound closely misses the killer bee.
The killer bee stings your hound.
Your hound dies!
Your hound's corpse disappears in a puff of smoke!
Your crimson imp completely misses the killer bee.
Casting: Call Imp (safe; 1% risk of failure)
Confirm with . or Enter, or press ? or * to list all spells.
The killer bee closely misses you.
You now have 6/14 mp.
You swap places.
The killer bee attacks as you move away!
The killer bee stings you.
* * * LOW HITPOINT WARNING * * *
You are lethally poisoned!
The killer bee poisons you!
You die...

#.#.5.....#.<##.####......####
#.###.#####..##....'..†...'..#
#.# #.# #..##..###......##.# #.#
#.# #..##..###########.# ##.###.#
#..##..............#
#.).##.#####..###.....######..#
#.#.#.........# ######.....#..#
##.#.#######...########.##.##..#
#..#..#.........@hy5....##.##..#
#.###.######.#############.##..#
..#.#..### #.............#.##..#
.##.##...###############'#.##..#
##...###)(..#####..............#
[..#.....[).............[.###.###
##...###....#####........÷# #....
.##.##...####....#######.########
..#.#..### #.........)........#


You could see a killer bee (ally target), a friendly hound (summoned) and a
friendly crimson imp (summoned).

Vanquished Creatures
  A killer bee (D:3)
  An iguana (D:3)
  Natasha (twice) (D:3)
  An adder (D:3)
  A dart slug (D:3)
  2 orcs (D:3)
  An endoplasm (D:3)
  4 hobgoblins (D:3)
  A ball python (D:3)
  3 goblins
  A kobold (D:3)
  2 rats
20 creatures vanquished.

Vanquished Creatures (collateral kills)
  Sigmund (D:3)
  A black bear (D:3)
  Crazy Yiuf (D:2)
  Terence (D:3)
  Natasha (D:3)
  3 adders
  2 worms (D:2)
  2 dart slugs
  3 bats
  4 endoplasms
  3 giant cockroaches (D:2)
  6 goblins (D:1)
  8 hobgoblins
  4 jackals (D:1)
  5 quokkas
  3 ball pythons
  3 frilled lizards
  8 kobolds
  5 rats
64 creatures vanquished.

Grand Total: 84 creatures vanquished

Notes
Turn   | Place    | Note
-------+----------+-------------------------------------------
     0 | D:1      | trckry the Tengu Summoner began the quest for the Orb.
     0 | D:1      | Reached XP level 1. HP: 10/10 MP: 4/4
   118 | D:1      | Reached skill level 5 in Summonings
   195 | D:1      | Reached XP level 2. HP: 15/15 MP: 6/6
   198 | D:1      | Learned a level 2 spell: Call Imp
   694 | D:1      | Reached XP level 3. HP: 9/19 MP: 4/7
  1449 | D:1      | Learned a level 3 spell: Call Canine Familiar
  1491 | D:2      | Reached skill level 6 in Summonings
  1494 | D:2      | Reached XP level 4. HP: 11/24 MP: 1/9
  1783 | D:2      | Found an ornate altar of the Wu Jian Council.
  2149 | D:2      | Found a runed translucent door.
  2150 | D:2      | Noticed Crazy Yiuf
  2162 | D:2      | Killed Crazy Yiuf
  2505 | D:3      | Noticed Natasha
  2522 | D:3      | Killed Natasha
  2523 | D:3      | Gained mutation: Your magical nature lets you fly swiftly
                  | and evasively. [Tengu growth]
  2523 | D:3      | Reached XP level 5. HP: 28/28 MP: 1/10
  2637 | D:3      | Reached skill level 7 in Summonings
  2657 | D:3      | Noticed a black bear
  2677 | D:3      | Killed a black bear
  2678 | D:3      | Reached XP level 6. HP: 14/32 MP: 5/12
  2943 | D:3      | Noticed Terence
  2944 | D:3      | Found a faded altar of an unknown god.
  2972 | D:3      | Killed Terence
  3196 | D:3      | Noticed Natasha
  3202 | D:3      | Killed Natasha
  3203 | D:3      | Reached skill level 8 in Summonings
  3274 | D:3      | Noticed Natasha
  3277 | D:3      | Killed Natasha
  3280 | D:3      | Noticed Sigmund
  3292 | D:3      | Killed Sigmund
  3293 | D:3      | Reached XP level 7. HP: 36/36 MP: 8/14
  3492 | D:3      | Learned a level 4 spell: Summon Lightning Spire
  3519 | D:4      | Noticed Eustachio
  3732 | D:3      | HP: 3/36 [killer bee (5)]
  3732 | D:3      | Succumbed to a killer bee's poison

Illustrated notes

Levels and vault maps discovered:
D:1:      dpeg_arrival_tiny_c, layout_basic, minmay_misc_feat_x
D:2:      layout_loops_ring, basic_altar, minmay_3d_cube,
          uniq_crazy_yiuf_cottage
D:3:      minmay_general_purpose_star, layout_basic, basic_ecumenical_altar,
          uniq_terence, uniq_sigmund, uniq_natasha
D:4:      layout_rooms, nicolae_qazlal_scattered_showers,
          minmay_temple_entry_gardened_gates, minmay_misc_feat_rows,
          hangedman_decor_riveting, uniq_eustachio

Skill      XL: |  1  2  3  4  5  6 |
---------------+-------------------+-----
Summonings     | 5 6 7 8 |  8.9
Spellcasting   | 3 4 |  4.3
Dodging        | |  2.1
Stealth        | |  2.0
Air Magic      | |  0.8

Action                   |  1- 3 |  4- 6 |  7- 9 || total
-------------------------+-------+-------+-------++-------
Melee: Peck              |     1 |     1 |     1 ||     3
       Unarmed           |     1 |       |       ||     1
       Quarterstaff      |       |    30 |     7 ||    37
       Kick              |       |     5 |       ||     5
 Cast: Summon Small Mamm |    28 |       |       ||    28
       Call Imp          |    13 |     9 |     2 ||    24
       Call Canine Famil |     1 |    13 |     5 ||    19
 Stab: Distracted        |       |     1 |       ||     1
       Sleeping          |       |     2 |       ||     2
Armor: Robe              |     2 |     6 |     8 ||    16
Dodge: Dodged            |    19 |    15 |    24 ||    58
Block: Other             |     2 |    10 |     9 ||    21
       Reflection        |       |       |     1 ||     1

Table legend: (Time is in decaauts)
 A = Elapsed time spent in this place.
 B = Non-inter-level travel time spent in this place.
 C = Inter-level travel time spent in this place.
 D = Time resting spent in this place.
 E = Time spent auto-exploring this place.
 F = Levels seen in this place.
 G = Mean time per level.
                   A        B        C        D        E       F      G
               +--------+--------+--------+--------+--------+-----+--------+
         Total |   3687 |   3600 |     87 |    133 |   2592 |   4 |  921.8 |
       Dungeon |   3687 |   3600 |     87 |    133 |   2592 |   4 |  921.8 |
               +--------+--------+--------+--------+--------+-----+--------+

Top non-repeatable levels by time:
     D:1: 1479 daAuts
     D:3: 1129 daAuts
     D:2: 1012 daAuts
     D:4: 67 daAuts
